 Dungeon Crawl Stone Soup version 0.20-a0-959-gdc9e609 (webtiles) character file.

2016 4thArraOfDagon the Poker (level 9, -9/63 HPs)
             Began as a Mummy Abyssal Knight on Apr 6, 2017.
             Was a Priest of Lugonu.
             Killed by divine providence
             ... invoked by an orc priest
              (13 damage)
             ... on level 8 of the Dungeon.
             The game lasted 00:10:54 (4294 turns).

4thArraOfDagon the Poker (Mummy Abyssal Knight)     Turns: 4294, Time: 00:10:54

Health: -9/63      AC: 14    Str: 15    XL:     9   Next: 3%
Magic:  8/12       EV:  8    Int: 14    God:    Lugonu [***...]
Gold:   331        SH:  0    Dex: 12    Spells: 8/8 levels left

rFire    x . .     SeeInvis .   d - +0 spear (venom)
rCold    + . .     Gourm    .   (no shield)
rNeg     + + +     Faith    .   r - +0 chain mail
rPois    ∞         Spirit   .   l - +1 hat
rElec    .         Reflect  .   h - +0 cloak (curse)
rCorr    .         Harm     .   o - +2 pair of gloves
MR       +....                  (no boots)
Stlth    ..........             (no amulet)
Regen    0.2/turn               (no ring)
MPRegen  0.2/turn               (no ring)

@: no status effects
A: no food or potions, fire vulnerability, cold resistance 1, negative energy
resistance 3, torment resistance, unbreathing
a: Depart the Abyss, Bend Space, Banish, Renounce Religion


You were on level 8 of the Dungeon.
You worshipped Lugonu.
Lugonu was most pleased with you.
You were not hungry.

You visited 1 branch of the dungeon, and saw 8 of its levels.
You visited the Abyss 1 time.

You collected 331 gold pieces.

Inventory:

Hand Weapons
 a - a +1 falchion
 d - a +0 spear of venom (weapon)
 q - a +0 halberd
 u - a +0 glaive
 v - a +1 flail of protection
 x - the +9 dagger of Risk Management {pierce, +Fly rF- Int+3 Dex+10, unknown}
   (You found it on level 5 of the Dungeon)

   It inflicts extra damage upon your enemies.
   It affects your intelligence (+3).
   It affects your dexterity (+10).
   It makes you vulnerable to fire.
   It lets you fly.
Armour
 b - a +1 hat
 g - a +0 scale mail
 h - a cursed +0 cloak (worn)
 l - a +1 hat (worn)
 o - a +2 pair of gloves (worn)
 r - a +0 chain mail (worn)
Wands
 y - a wand of random effects (27/48)
Scrolls
 c - 3 scrolls of amnesia {unknown}
 e - 2 scrolls of teleportation {unknown}
 f - a scroll of fog {unknown}
 i - 3 scrolls of recharging {unknown}
 j - 2 scrolls of enchant armour {unknown}
 k - 3 scrolls of random uselessness {unknown}
 m - 6 scrolls of identify {unknown}
 n - 2 scrolls of fear {unknown}
 s - a scroll of enchant weapon {unknown}
 t - a scroll of remove curse {unknown}
 w - a scroll of blinking {unknown}
Books
 p - a book of Callings

   Spells                             Type                      Level
   a - Summon Small Mammal            Summoning                    1
   b - Call Imp                       Summoning                    2
   c - Call Canine Familiar           Summoning                    3
   d - Summon Guardian Golem          Hexes/Summoning              3
   e - Summon Lightning Spire         Summoning/Air                4
   f - Summon Ice Beast               Ice/Summoning                4


   Skills:
 - Level 3.0 Fighting
 - Level 1.5 Long Blades
 * Level 6.6 Polearms
 + Level 4.2 Armour
 + Level 3.5 Dodging
 + Level 5.2 Invocations


You had 8 spell levels left.
You didn't know any spells.

Dungeon Overview and Level Annotations

Branches:
Dungeon (8/15)             Temple (0/1) D:6
   Lair: D:8-11

Altars:
Ashenzari
Nemelex Xobeh

Annotations:
D:5 Hybris's ghost, amateur DESu


Innate Abilities, Weirdness & Mutations

You do not eat or drink.
Your flesh is vulnerable to fire.
You are immune to poison.
Your flesh is cold resistant. (rC+)
You are immune to negative energy. (rN+++)
You are immune to unholy pain and torment.
You can survive without breathing.


Message History

Press: ? - help, Shift-Dir - straight line, f/p - centaur
Aim: a centaur (chance to defeat MR: 83%)
You fail to use your ability.
The centaur hits you.
* * * LOW HITPOINT WARNING * * *
The centaur completely misses you.
Press: ? - help, Shift-Dir - straight line, f/p - centaur
Aim: a centaur (chance to defeat MR: 83%)
The centaur is devoured by a tear in reality.
Lugonu claims a new guest.
The wight barely misses you.
Unknown command.
Press: ? - help, Shift-Dir - straight line, f - wight
Aim: a wight, wielding an enchanted halberd and wearing a robe (chance to defeat MR: 83%)
Okay, then.
Unknown command.
Unknown command.
The wight closely misses you.
The orc priest calls down the wrath of Beogh upon you.
Beogh smites you!
You die...

.. ... #.## .z...
############.#...
.......§o(.z......
.###..§z#(.......#
#.@..#.....(..
#....#.##...##
#....#)##...#
#....#c##...#
#....#o.....#
.....#..(...#
......#......c....
...%...#...!.......
.............#......


You could see a wight and an orc priest.

Vanquished Creatures
  Sigmund (D:5)
  Eustachio (D:5)
  Edmund (D:6)
  5 ogres
  2 centaurs
  2 bullfrogs (D:6)
  2 scorpions
  2 crimson imps (D:5)
  3 orc priests (D:6)
  6 orc wizards
  Jessica (D:3)
  2 iguanas (D:5)
  4 worker ants
  A hound zombie (D:6)
  6 adders
  9 gnolls
  2 shadow imps
  2 oozes
  An adder skeleton (D:5)
  A dart slug (D:2)
  5 leopard geckos
  16 orcs
  A giant cockroach (D:1)
  4 hobgoblins
  8 jackals
  9 kobolds
  2 quokkas
  7 bats
  A frilled lizard (D:2)
  3 goblins
  2 leopard gecko skeletons (D:5)
  A quokka skeleton (D:4)
  7 rats
120 creatures vanquished.

Vanquished Creatures (others)
  A centaur (D:8)
1 creature vanquished.

Grand Total: 121 creatures vanquished

Notes
Turn   | Place    | Note
-------+----------+-------------------------------------------
     0 | Abyss:1  | 4thArraOfDagon the Mummy Abyssal Knight began the quest for the Orb.
     0 | Abyss:1  | Reached XP level 1. HP: 18/18 MP: 2/2
    42 | Abyss:1  | Noticed a balrug
    55 | D:1      | Escaped the Abyss
   117 | D:2      | Reached skill level 1 in Polearms
   117 | D:2      | Reached XP level 2. HP: 22/24 MP: 3/3
   244 | D:4      | Reached * piety under Lugonu
   558 | D:1      | Reached XP level 3. HP: 28/29 MP: 4/4
   642 | D:1      | Reached skill level 2 in Polearms
  1510 | D:3      | Reached XP level 4. HP: 10/35 MP: 5/5
  1628 | D:3      | Noticed Jessica
  1635 | D:3      | Killed Jessica
  1756 | D:2      | Found a faded altar of an unknown god.
  1786 | D:2      | Reached skill level 3 in Polearms
  2119 | D:4      | Reached XP level 5. HP: 41/41 MP: 5/7
  2136 | D:4      | Found a shattered altar of Ashenzari.
  2219 | D:3      | Reached ** piety under Lugonu
  2317 | D:5      | Entered Level 5 of the Dungeon
  2720 | D:5      | Reached skill level 1 in Dodging
  2720 | D:5      | Reached XP level 6. HP: 47/47 MP: 8/8
  2736 | D:5      | Reached skill level 4 in Polearms
  2798 | D:5      | Noticed Eustachio
  2831 | D:5      | Killed Eustachio
  2842 | D:5      | Noticed Hybris's ghost (amateur DESu)
  2872 | D:6      | Found a sparkling altar of Nemelex Xobeh.
  2906 | D:6      | Reached XP level 7. HP: 52/52 MP: 9/9
  2987 | D:6      | Found a staircase to the Ecumenical Temple.
  3147 | D:6      | Reached skill level 5 in Polearms
  3219 | D:6      | Noticed Edmund
  3263 | D:6      | Killed Edmund
  3314 | D:5      | Reached *** piety under Lugonu
  3321 | D:5      | Reached XP level 8. HP: 32/58 MP: 11/11
  3816 | D:5      | Reached skill level 6 in Polearms
  3856 | D:5      | Got a twisted dagger
  3877 | D:5      | Noticed Sigmund
  3894 | D:5      | Killed Sigmund
  3894 | D:5      | Reached skill level 5 in Invocations
  4258 | D:7      | Reached XP level 9. HP: 54/63 MP: 12/12
  4291 | D:8      | HP: 3/63 [centaur (1)]
  4294 | D:8      | Killed from afar by an orc priest

Vault maps used:
D:1:      lemuel_arrival_hallway
D:2:      chequers_ecumenical_altar_twisty, first_bread
D:3:      kennysheep_jessica_study
D:4:      evilmike_ruin_ashenzari
D:5:      minmay_bent, uniq_eustachio, uniq_sigmund
D:6:      lemuel_doored_altar, temple_hall, uniq_edmund
D:7:      kennysheep_housing_project, nicolae_dithmenos_the_darkroom,
          minivault_14, uniq_prince_ribbit1
D:8:      grunt_temple_overflow_diamond, special_room

Skill      XL: |  1  2  3  4  5  6  7  8 |
---------------+-------------------------+-----
Polearms       | 1 2 3 4 5 6 |  6.6
Invocations    | 2 3 4 5 |  5.2
Dodging        | 1 2 3 |  3.5
Armour         | 2 3 4 |  4.2
Fighting       | |  3.0
Long Blades    | |  1.5

Action                   |  1- 3 |  4- 6 |  7- 9 || total
-------------------------+-------+-------+-------++-------
Melee: Spear             |   121 |   142 |   328 ||   591
Invok: Depart the Abyss  |     1 |       |       ||     1
       Bend Space        |       |       |     2 ||     2
       Banish            |       |       |     1 ||     1
Armor: Leather armour    |     8 |       |       ||     8
       Scale mail        |    40 |    25 |       ||    65
       Chain mail        |       |    23 |   148 ||   171
Dodge: Dodged            |    36 |    32 |    83 ||   151
